 Dungeon Crawl Stone Soup version 0.27-a0-1051-g288ea87c7c (webtiles) character file.

Game seed: 7010502295771876292

130 rageheart7 the Skirmisher (level 5, -3/43 HPs)
             Began as a Formicid Abyssal Knight on Apr 21, 2021.
             Was a Believer of Lugonu.
             Slain by an ogre
             ... wielding a +0 giant club
              (15 damage)
             ... on level 3 of the Dungeon.
             The game lasted 00:03:25 (3432 turns).

rageheart7 the Skirmisher (Formicid Abyssal Knight) Turns: 3432, Time: 00:03:26

Health: -3/43      AC:  8    Str: 18    XL:     5   Next: 36%
Magic:  6/6        EV:  7    Int: 11    God:    Lugonu [**....]
Gold:   67         SH:  0    Dex: 10    Spells: 4/4 levels left

rFire    . . .     SeeInvis +   p - +2 spear (freeze)
rCold    . . .     Faith    .   (no shield)
rNeg     . . .     Spirit   .   o - +0 chain mail
rPois    .         Reflect  .   (helmet unavailable)
rElec    .         Harm     .   (no cloak)
rCorr    +         Rampage  .   (no gloves)
Will     .....                  (no boots)
Stlth    ..........             (no amulet)
HPRegen  0.14/turn              e - ring of resist corrosion
MPRegen  0.10/turn              j - ring of flight

@: flying
A: permanent stasis, dig shafts and tunnels, antennae 3, four strong arms
a: Dig, Shaft Self, Renounce Religion, Depart the Abyss, Bend Space


You were on level 3 of the Dungeon.
You worshipped Lugonu.
Lugonu was pleased with you.
You visited 1 branch of the dungeon, and saw 4 of its levels.
You visited the Abyss 1 time.

You collected 67 gold pieces.

Inventory:

Hand Weapons
 p - a +2 spear of freezing (weapon)
Armour
 o - a +0 chain mail (worn)
Jewellery
 e - a ring of resist corrosion (left hand)
 j - a ring of flight (right hand)
Scrolls
 a - a scroll of teleportation {unknown}
 d - 2 scrolls of magic mapping {unknown}
 f - 3 scrolls of identify {unknown}
 g - a scroll of blinking {unknown}
 h - a scroll of acquirement {unknown}
 i - a scroll of holy word {unknown}
 k - a scroll of torment {unknown}
 l - a scroll of enchant armour {unknown}
 m - a scroll of fear {unknown}
Potions
 b - 2 potions of heal wounds {unknown}
 n - a potion of cancellation {unknown}


   Skills:
 * Level 4.9 Fighting
 * Level 3.9 Polearms
 - Level 2.1 Armour
 - Level 0.8 Dodging
 - Level 2.1 Invocations


You had 4 spell levels left.
You didn't know any spells.
Your spell library contained the following spells:

 Spells                   Type           Power      Damage    Failure   Level
 Magic Dart               Conj           0%         1d3       99%         1
 Searing Ray              Conj           0%         3d3       100%        2
 Dazzling Flash           Conj/Hex       0%         N/A       100%        3
 Fulminant Prism          Conj/Hex       0%         3d6       100%        4
 Iskenderun's Mystic Bla  Conj/Tloc      0%         2d3       100%        4


Dungeon Overview and Level Annotations

Branches:
Dungeon (4/15)             Temple (0/1) D:4

Altars:
Zin


Innate Abilities, Weirdness & Mutations

You cannot be hasted, slowed, berserked, paralysed or teleported.
You can dig through walls and to a lower floor.
You have a pair of large antennae on your head. (SInv)
Your four strong arms can wield two-handed weapons with a shield.


Message History

You see here a +2 spear of freezing.
p - a +2 spear of freezing
Okay, then.
Your +2 spear of freezing glows with a cold blue light!
p - a +2 spear of freezing (weapon)
Drop what? 16/52 slots (_ for help) (? for menu, Esc to quit)
You drop a +1 spear.
You drop a ring of ice.
You now have 67 gold pieces (gained 10).
a - a scroll labelled GOOPYOR XEHE
Things that are here:
a ring of ice; a +1 spear
There is a stone staircase leading up here.
Done exploring.
Done exploring.
Done exploring.
Things that are here:
a +0 robe; a +0 dagger; a +0 club
There is a stone staircase leading down here.
You fly downwards.
An orc priest, an ogre and a skeleton come into view.
The ogre shouts!
Found 21 stones, 12 gold pieces, a yellow potion and a plate armour.
Found a staircase to the Ecumenical Temple.
There is a stone staircase leading up here.
There are monsters nearby!
The hound skeleton bites you.
The ogre hits you with a +0 giant club!!
You fly upwards.
There is a stone staircase leading down here.
You hit the ogre. You freeze the ogre.
The ogre is lightly wounded.
You hit the ogre. You freeze the ogre.
The ogre is heavily wounded.
The ogre hits you with a +0 giant club!
* * * LOW HITPOINT WARNING * * *
You hit the ogre. You freeze the ogre.
The ogre is almost dead.
The ogre hits you with a +0 giant club!
You die...

#.....o....................#
#.######..<......†......#...
#.# #.........##.#(#.#..#
#o# ##.....)<###........#
#.# ##.....## #.#.#.#..# #o#
##...## #.....#.). #.# #####
###.###... #.#
###############.#####.
#.#####.>.O@.......[.#......
#.......#############.#####.
######### #.##.[.. #.......
####.... ####. #. #. ##


You could see an ogre.

Vanquished Creatures
  An orc wizard (D:3)
  2 gnolls (D:3)
  2 adders
  A worm (D:2)
  7 orcs
  3 ball pythons
  8 bats
  4 endoplasms
  2 giant cockroaches
  6 goblins
  7 hobgoblins
  3 jackals (D:2)
  2 frilled lizards
  2 kobolds (D:2)
  An orc skeleton (Abyss:1)
  5 rats
56 creatures vanquished.

Notes
Turn   | Place    | Note
-------+----------+-------------------------------------------
     0 | Abyss:1  | rageheart7 the Formicid Abyssal Knight began the quest for
                  | the Orb.
     0 | Abyss:1  | Reached XP level 1. HP: 18/18 MP: 2/2
    76 | Abyss:1  | Noticed a wretched star
    82 | D:1      | Escaped the Abyss
   229 | D:1      | Reached XP level 2. HP: 24/24 MP: 3/3
   304 | D:1      | Reached * piety under Lugonu
   902 | D:2      | Reached XP level 3. HP: 30/30 MP: 4/4
   942 | D:2      | Reached skill level 4 in Fighting
  1197 | D:2      | Found a glowing silver altar of Zin.
  1445 | D:2      | Reached XP level 4. HP: 23/37 MP: 5/5
  1672 | D:2      | Found a faded altar of an unknown god.
  2028 | D:3      | Reached ** piety under Lugonu
  2318 | D:3      | Reached XP level 5. HP: 13/43 MP: 6/6
  2347 | D:3      | HP: 1/43 [orc/+0 dagger (4)]
  3421 | D:4      | Found a staircase to the Ecumenical Temple.
  3421 | D:4      | Noticed an ogre
  3432 | D:3      | Slain by an ogre

Illustrated notes

Levels and vault maps discovered:
D:1:      amcnicky_arrival_abandoned_market, layout_basic, st_stairs_1
D:2:      layout_basic, basic_altar, hellmonk_ecumenical_altar_prayer_group,
          minmay_ruptured
D:3:      layout_loops_ring
D:4:      layout_cave_pods, minmay_temple_entry_proselytizer,
          serial_column_ruins, column_ruins_open_tiny, column_ruins_open_tiny,
          column_ruins_columns_straight, column_ruins_corridor_straight,
          column_ruins_columns_corner, st_stairs_4,
          ebering_dispersal_statue_hall, uniq_crazy_yiuf_cottage, uniq_menkaure,
          uniq_eustachio

Skill      XL: |  1  2  3 |
---------------+----------+-----
Fighting       | 4 |  4.9
Polearms       | 3 |  3.9
Armour         | |  2.1
Dodging        | |  0.8
Invocations    | |  2.1

Action                   |  1- 3 |  4- 6 || total
-------------------------+-------+-------++-------
Melee: Spear             |   109 |   100 ||   209
Invok: Depart the Abyss  |     1 |       ||     1
 Abil: Dig               |       |     1 ||     1
  Use: Potion            |     2 |       ||     2
 Stab: Sleeping          |     1 |       ||     1
Armor: Leather armour    |    29 |     9 ||    38
       Chain mail        |       |     3 ||     3
Dodge: Dodged            |    51 |    47 ||    98

Table legend: (Time is in decaauts)
 A = Elapsed time spent in this place.
 B = Non-inter-level travel time spent in this place.
 C = Inter-level travel time spent in this place.
 D = Time resting spent in this place.
 E = Time spent auto-exploring this place.
 F = Levels seen in this place.
 G = Mean time per level.
                   A        B        C        D        E       F      G
               +--------+--------+--------+--------+--------+-----+--------+
         Total |   3422 |   3248 |    174 |      0 |   2773 |   5 |  684.4 |
       Dungeon |   3340 |   3166 |    174 |      0 |   2700 |   4 |  835.0 |
         Abyss |     82 |     82 |      0 |      0 |     73 |   1 |   82.0 |
               +--------+--------+--------+--------+--------+-----+--------+

Top non-repeatable levels by time:
     D:2: 1553 daAuts
     D:3: 1103 daAuts
     D:1: 678 daAuts
 Abyss:1: 82 daAuts
     D:4: 4 daAuts
